Construct Weapon Support Center
Selects Airborne Battlegroup
Selects Heavy Machine Gun Paradrop
Selects Smoke Bombing Run
Heavy Machine Gun Paradrop
Heavy Machine Gun Paradrop
Selects Paratrooper Squad Paradrop
Heavy Machine Gun Paradrop
Paratrooper Squad Paradrop
Heavy Machine Gun Paradrop
Selects Anti-tank Gun Team Paradrop
Paratrooper Squad Paradrop
Heavy Machine Gun Paradrop
Heavy Machine Gun Paradrop
Anti-tank Gun Team Paradrop
Heavy Machine Gun Paradrop
Paratrooper Squad Paradrop
Paratrooper Squad Paradrop
M3 Armored Personnel Carrier
Selects Dual P-47 Rocket Strike
Paratrooper Squad Paradrop
Improved M9 Bazooka Rockets
Heavy Machine Gun Paradrop
Paratrooper Squad Paradrop
M1918 Browning Automatic Rifles